 Dungeon Crawl Stone Soup version 0.27-a0-1144-g0b7d3b79db (webtiles) character file.

Game seed: 4107328006813034103

6 neco the Firebug (level 1, 0/11 HPs)
             Began as an Octopode Fire Elementalist on May 10, 2021.
             Slain by a goblin
             ... wielding a +4 dagger
              (5 damage)
             ... on level 1 of the Dungeon.
             The game lasted 00:03:23 (581 turns).

neco the Firebug (Octopode Fire Elementalist)        Turns: 581, Time: 00:03:31

Health: 0/11       AC:  1    Str:  7    XL:     1   Next: 90%
Magic:  2/3        EV: 13    Int: 17    God:
Gold:   10         SH:  0    Dex: 12    Spells: 3/4 levels left

rFire    . . .     SeeInvis .   b - +0 spear
rCold    . . .     Faith    .   (no shield)
rNeg     . . .     Spirit   .   (helmet restricted)
rPois    .         Reflect  .   (no amulet)
rElec    .         Harm     .   (no ring)
rCorr    .         Rampage  .   (no ring)
Will     .....                  (no ring)
Stlth    +++.......             (no ring)
HPRegen  0.03/turn              (no ring)
MPRegen  0.08/turn              (no ring)
                                (no ring)
                                (no ring)

@: very slightly contaminated
A: almost no armour, amphibious, 8 rings, camouflage 1, gelatinous body 1,
(nimble swimmer 1), tentacles
a: no special abilities


You were on level 1 of the Dungeon.
You visited 1 branch of the dungeon, and saw 1 of its levels.

You collected 10 gold pieces.

Inventory:

Hand Weapons
 b - a +0 spear (weapon)
 c - a +0 club
Missiles
 a - 39 stones


   Skills:
 + Level 2.0 Dodging
 + Level 2.6 Stealth
 + Level 2.1 Spellcasting
 + Level 1.0 Conjurations
 + Level 3.3 Fire Magic


You had 3 spell levels left.
You knew the following spells:

 Your Spells              Type           Power      Damage    Failure   Level
a - Foxfire               Conj/Fire      36%        2x1d5     8%          1

Your spell library contained the following spells:

 Spells                   Type           Power      Damage    Failure   Level
 Conjure Flame            Conj/Fire      9%         6-21      24%         3
 Inner Flame              Hex/Fire       7%         N/A       28%         3
 Sticky Flame             Conj/Fire      9%         2d3       61%         4
 Fireball                 Conj/Fire      4%         3d4       91%         5


Dungeon Overview and Level Annotations

Branches:
Dungeon (1/15)

Altars:


Innate Abilities, Weirdness & Mutations

You cannot wear most types of armour.
You are amphibious.
You can wear up to eight rings at the same time.
Your skin changes colour to match your surroundings (Stealth+).
Your rubbery body absorbs attacks. (AC +1, EV +1)
((You are camouflaged near water. (Stealth+)))
You have tentacles for arms and can constrict up to eight enemies at once.


Message History

You constrict the goblin. The goblin barely misses you.
You hit the goblin.
You kill the goblin!
Things that are here:
a +0 club; a goblin corpse
c - a +0 club You start resting.
Magic restored.
You start resting.
HP restored.
Found 10 gold pieces.
The quokka closely misses you. The quokka misses you.
You hit the quokka. You grab the quokka.
The quokka is almost dead.
You constrict the quokka.
You kill the quokka!
You see here a quokka corpse.
a - 39 stones (gained 13)
There are no items here.
You now have 10 gold pieces.
There are no items here.
A goblin comes into view. It is wielding a +4 dagger.
The goblin shouts!
The goblin moves out of view.
A jackal comes into view.
A jackal comes into view.
Found a scroll labelled GEAM MATOUVAO.
You barely miss the goblin. Your grab misses the goblin.
The goblin hits you with a +4 dagger.
Ouch! That really hurt!
A jackal comes into view.
You are too injured to fight recklessly!
Casting: Foxfire (safe; 8% risk of failure)
Confirm with . or Enter, or press ? or * to list all spells.
You miscast Foxfire.
You are very lightly contaminated with residual magic.
Nothing appears to happen.
The jackal barks! x3
The goblin hits you with a +4 dagger.
You die...

?## #...##...# #.# ...#
#......####.## #h.#
##...#....#..# #..
#...##.##..#.## ..
#h.##.#.##.###....###
#..#.#..#.##...........
#h..h.##.#...####.####
#.#g.....#.## #.# #
#.#@........###.#### #
#.##.####.....†..#
####'####..##.##..
#N#.#o###......##
###.### ##.....##
#H#.#6# #.....##
###.### #.....# #m#.#Q#
#.....# ###.### #.....#


You could see 3 jackals and a goblin.

Vanquished Creatures
  A giant cockroach (D:1)
  A goblin (D:1)
  A hobgoblin (D:1)
  A quokka (D:1)
  A rat (D:1)
5 creatures vanquished.

Vanquished Creatures (others)
  3 foxfires (D:1)
3 creatures vanquished.

Grand Total: 8 creatures vanquished

Notes
Turn   | Place    | Note
-------+----------+-------------------------------------------
     0 | D:1      | neco the Octopode Fire Elementalist began the quest for the
                  | Orb.
     0 | D:1      | Reached XP level 1. HP: 11/11 MP: 3/3
     2 | D:1      | Noticed an octopode
     6 | D:1      | Noticed a vampire
     6 | D:1      | Noticed an elf
     8 | D:1      | Noticed a gargoyle
     8 | D:1      | Noticed a troll
    10 | D:1      | Noticed a dwarf
    10 | D:1      | Noticed an ogre
    12 | D:1      | Noticed a human
    12 | D:1      | Noticed a spriggan
    14 | D:1      | Noticed a ghoul
    14 | D:1      | Noticed a demigod
    16 | D:1      | Noticed a minotaur
    18 | D:1      | Noticed a barachi
    18 | D:1      | Noticed a centaur
    20 | D:1      | Noticed a vine stalker
    20 | D:1      | Noticed a felid
    22 | D:1      | Noticed a formicid
    22 | D:1      | Noticed a draconian
    24 | D:1      | Noticed a merfolk
    24 | D:1      | Noticed a tengu
    26 | D:1      | Noticed a palentonga
    26 | D:1      | Noticed a demonspawn
    28 | D:1      | Noticed a naga
   581 | D:1      | Slain by a goblin

Illustrated notes

Levels and vault maps discovered:
D:1:      kb_arrival_jail, layout_rooms

Action                   || total
-------------------------++-------
Melee: Spear             ||    12
       Constrict         ||     5
       Unarmed           ||     2
       Tentacles         ||     2
 Cast: Foxfire           ||     4
Armor: Skin              ||     1
Dodge: Dodged            ||    13

Table legend: (Time is in decaauts)
 A = Elapsed time spent in this place.
 B = Non-inter-level travel time spent in this place.
 C = Inter-level travel time spent in this place.
 D = Time resting spent in this place.
 E = Time spent auto-exploring this place.
 F = Levels seen in this place.
 G = Mean time per level.
                   A        B        C        D        E       F      G
               +--------+--------+--------+--------+--------+-----+--------+
         Total |    581 |    581 |      0 |    360 |      0 |   1 |  581.0 |
       Dungeon |    581 |    581 |      0 |    360 |      0 |   1 |  581.0 |
               +--------+--------+--------+--------+--------+-----+--------+

Top non-repeatable levels by time:
     D:1: 581 daAuts
